 Dungeon Crawl Stone Soup version 0.20-a0-222-gb69ddcd (webtiles) character file.

1892 Lochraine the Charmwright (level 8, 0/54 HPs)
             Began as a High Elf Skald on Nov 29, 2016.
             Was a Believer of Nemelex Xobeh.
             Slain by an adder (3 damage)
             ... on level 7 of the Dungeon.
             The game lasted 00:24:15 (8875 turns).

Lochraine the Charmwright (High Elf Skald)          Turns: 8875, Time: 00:24:16

Health: 0/54       AC: 10    Str: 15    XL:     8   Next: 93%
Magic:  22/22      EV: 14    Int: 15    God:    Nemelex Xobeh [**....]
Gold:   122        SH:  0    Dex: 16    Spells: 6/15 levels left

rFire  . . .     SeeInvis .     K - +2 flail (drain)
rCold  . . .     Gourm    .     b - +0 leather armour
rNeg   . . .     Faith    .     (no shield)
rPois  +         Spirit   .     G - +0 hat {MR+}
rElec  .         Reflect  .     (no cloak)
rCorr  .         Harm     .     E - +0 pair of gloves
MR     +....                    J - +0 pair of boots
Stlth  +.........               (no amulet)
                                R - ring of magical power
                                N - +5 ring of protection

@: confused
A: low mp 1, poison resistance, strong 1
a: Renounce Religion


You were on level 7 of the Dungeon.
You worshipped Nemelex Xobeh.
Nemelex Xobeh was pleased with you.
You were not hungry.

You visited 1 branch of the dungeon, and saw 8 of its levels.

You collected 254 gold pieces.
You spent 132 gold pieces at shops.

Inventory:

Hand Weapons
 a - a +0 falchion
 K - a +2 flail of draining (weapon)
Armour
 b - a +0 leather armour (worn)
 u - a +0 shield
 E - a +0 pair of gloves (worn)
 G - a +0 hat of magic resistance (worn)
 J - a +0 pair of boots (worn)
Jewellery
 e - an uncursed ring of positive energy
 l - a +3 ring of dexterity
 N - a +5 ring of protection (left hand)
 R - a ring of magical power (right hand)
Wands
 f - a wand of iceblast (0/15)
 v - a wand of flame (23/48)
 F - a wand of iceblast (5/15)
Scrolls
 h - 2 scrolls of identify
 i - a scroll of magic mapping
 k - a scroll of noise
 m - a scroll of remove curse
 t - a scroll of blinking {unknown}
 y - a scroll of immolation {unknown}
 z - a scroll of teleportation {unknown}
 B - a scroll of fear {unknown}
 H - a scroll of enchant weapon {unknown}
 M - a scroll of holy word {unknown}
 O - a scroll of enchant armour {unknown}
Potions
 j - 3 potions of agility
 p - a potion of haste {unknown}
 s - a potion of cure mutation {unknown}
 w - a potion of cancellation {unknown}
 A - a potion of mutation
 C - a potion of magic {unknown}
 D - 2 potions of ambrosia
 L - a potion of lignification {unknown}
Books
 c - a book of Battle

   Spells                             Type                      Level
   a - Infusion                       Charms                       1
   b - Shroud of Golubria             Charms/Translocation         2
   c - Song of Slaying                Charms                       2
   d - Spectral Weapon                Hexes/Charms                 3
   e - Regeneration                   Charms/Necromancy            3
 I - a book of Flames

   Spells                             Type                      Level
   a - Flame Tongue                   Conjuration/Fire             1
   b - Throw Flame                    Conjuration/Fire             2
   c - Conjure Flame                  Conjuration/Fire             3
   d - Inner Flame                    Hexes/Fire                   3
   e - Sticky Flame                   Conjuration/Fire             4
   f - Fireball                       Conjuration/Fire             5
Miscellaneous
 x - an ornate deck of escape {drawn: 4}
Comestibles
 d - 4 bread rations
 g - 2 beef jerkies
 o - a chunk of flesh
 q - 5 fruits
 P - a meat ration


   Skills:
 - Level 4.5 Fighting
 - Level 4.9 Long Blades
 - Level 0.8 Armour
 - Level 4.7 Dodging
 - Level 4.1 Spellcasting
 + Level 5.0 Hexes
 + Level 6.3 Charms
 + Level 2.4 Necromancy
 + Level 4.3 Invocations


You had 6 spell levels left.
You knew the following spells:

 Your Spells              Type           Power        Failure   Level  Hunger
d - Song of Slaying       Chrm           ###.....     2%          2    ##.....
i - Infusion              Chrm           ###.         1%          1    None
r - Regeneration          Chrm/Necr      ###.......   14%         3    ###....
s - Spectral Weapon       Hex/Chrm       ###.....     10%         3    ###....


Dungeon Overview and Level Annotations

Branches:
Dungeon (8/15)             Temple (0/1) D:6
   Lair: D:8-11

Altars:
Ashenzari
Dithmenos
Fedhas
Gozag
Makhleb
Nemelex Xobeh
Trog
Vehumet

Shops:
D:4 [

Annotations:
D:5 dscm's ghost, novice OpEE
D:6 Grinder
D:7 Erica; Yakui's ghost, novice HuCK


Innate Abilities, Weirdness & Mutations

Your magical capacity is low. (-10% MP)
Your system is resistant to poisons. (rPois)
Your muscles are strong. (Str +2)


Message History

Level annotation: Yakui's ghost, novice HuCK Yakui's ghost hits you!
* * * LOW HITPOINT WARNING * * *
There is a stone staircase leading down, spattered with blood here.
Okay, then.
It was a potion of ambrosia.
You are confused.
You feel invigorated. The adder misses you.
Yakui's ghost hits you but does no damage.
The adder bites you.
Evoke which item? (* to show all) (? for menu, Esc to quit)
You draw a card...
It is the Cloud.
Clouds appear around you! Erica gestures at you while chanting.
You resist with almost no effort. Yakui's ghost hits you!
* * * LOW HITPOINT WARNING * * *
Yakui's ghost freezes you.
* * * LOW HITPOINT WARNING * * *
The adder bites you.
You die...
Your body glows slightly and disappears.

######### #W@§....# #@#####.#
#S#####.########## #####
##§##.##.##........
#...#######....)..........###
#..................##.###.###
#...########.......##.# #.#..
##.## ####.#####.# #....
###.## #.# #.#####.. #....#
#.# #.....^..


You could see Erica, Yakui's ghost and an adder.

Vanquished Creatures
  Joseph (D:7)
  Sigmund (D:3)
  A sky beast (D:6)
  A phantom (D:6)
  3 ogres
  2 centaurs
  2 bullfrogs
  A big kobold (D:6)
  A scorpion (D:4)
  A bullfrog zombie (D:6)
  A centaur zombie (D:6)
  2 orc priests
  2 hounds
  Terence (D:2)
  An orc wizard (D:5)
  2 worker ants
  A killer bee zombie (D:6)
  A hound zombie (D:6)
  A hound skeleton (D:6)
  2 howler monkey zombies (D:6)
  2 gnolls (D:3)
  5 adders
  2 adder zombies (D:6)
  An adder skeleton (D:5)
  5 worms
  3 dart slugs
  5 leopard geckos
  24 orcs
  2 ball pythons
  5 giant cockroaches
  6 goblins
  10 hobgoblins
  12 jackals
  A quokka (D:2)
  11 bats
  6 frilled lizards
  A jackal skeleton (D:5)
  7 kobolds
  A leopard gecko skeleton (D:6)
  2 leopard gecko zombies (D:6)
  A quokka skeleton (D:4)
  A quokka zombie (D:6)
  8 rats
149 creatures vanquished.

Vanquished Creatures (others)
  3 spectral weapons
3 creatures vanquished.

Grand Total: 152 creatures vanquished

Notes
Turn   | Place    | Note
-------+----------+-------------------------------------------
     0 | D:1      | Lochraine the High Elf Skald began the quest for the Orb.
     0 | D:1      | Reached XP level 1. HP: 14/14 MP: 4/4
   143 | D:1      | Reached XP level 2. HP: 18/19 MP: 6/6
   331 | D:1      | Reached skill level 4 in Charms
   643 | D:1      | Reached XP level 3. HP: 20/24 MP: 4/8
  1503 | D:1      | Learned a level 3 spell: Spectral Weapon
  2170 | D:2      | Reached XP level 4. HP: 28/29 MP: 9/9
  2248 | D:2      | Found a blossoming altar of Fedhas.
  2264 | D:2      | Noticed Terence
  2279 | D:2      | Killed Terence
  2531 | D:3      | Reached skill level 1 in Hexes
  2562 | D:3      | Found a burning altar of Makhleb.
  2567 | D:3      | Found a sparkling altar of Nemelex Xobeh.
  2570 | D:3      | Found a bloodstained altar of Trog.
  2898 | D:3      | Became a worshipper of Nemelex Xobeh the Trickster
  3123 | D:3      | Found a sparkling altar of Nemelex Xobeh.
  3171 | D:3      | Received a gift from Nemelex Xobeh
  3231 | D:3      | Found a shadowy altar of Dithmenos.
  3259 | D:3      | Noticed Sigmund
  3271 | D:3      | Killed Sigmund
  3271 | D:3      | Reached skill level 5 in Charms
  3271 | D:3      | Reached XP level 5. HP: 22/34 MP: 5/11
  3271 | D:3      | Reached XP level 6. HP: 25/39 MP: 5/12
  3440 | D:3      | Found a shattered altar of Ashenzari.
  3979 | D:4      | Learned a level 3 spell: Regeneration
  4047 | D:4      | Found a sparkling altar of Nemelex Xobeh.
  4279 | D:4      | Found a radiant altar of Vehumet.
  4340 | D:4      | Reached * piety under Nemelex Xobeh
  4368 | D:4      | Found Voqoaf's Armour Shoppe.
  4377 | D:4      | Bought a +0 hat of magic resistance for 132 gold pieces
  4447 | D:4      | Reached skill level 1 in Necromancy
  4864 | D:5      | Entered Level 5 of the Dungeon
  5023 | D:5      | Gained mutation: Your system is resistant to poisons. (rPois) [potion of mutation]
  5023 | D:5      | Gained mutation: Your magical capacity is low. (-10% MP) [potion of mutation]
  5023 | D:5      | Gained mutation: Your muscles are strong. (Str +2) [potion of mutation]
  5024 | D:5      | HP: 1/39 [something/puff of flame (4)]
  5189 | D:5      | Reached XP level 7. HP: 31/45 MP: 9/12
  5494 | D:5      | Found an opulent altar of Gozag.
  5526 | D:5      | Learned a level 2 spell: Song of Slaying
  5932 | D:5      | Noticed dscm's ghost (novice OpEE)
  6338 | D:6      | Found a staircase to the Ecumenical Temple.
  6371 | D:6      | Reached skill level 6 in Charms
  6630 | D:6      | HP: 2/45 [phantom (9)]
  6951 | D:6      | Reached skill level 5 in Hexes
  7384 | D:6      | Noticed Grinder
  7709 | D:6      | Reached skill level 1 in Invocations
  7709 | D:6      | Reached XP level 8. HP: 49/51 MP: 13/13
  8376 | D:7      | Noticed Joseph
  8404 | D:7      | Killed Joseph
  8613 | D:7      | Reached ** piety under Nemelex Xobeh
  8696 | D:7      | Noticed Yakui's ghost (novice HuCK)
  8716 | D:7      | HP: 1/54 [Yakui's ghost (3)]
  8869 | D:8      | Noticed Erica
  8875 | D:7      | Slain by an adder

Vault maps used:
D:1:      matt_arrival_grand_opening
D:2:      fedhas_altar_3, first_bread, uniq_terence
D:3:      minmay_overflow_temple_star_quad, lemuel_coloured_pillars_altar,
          cheibrodos_ashenzari_chains, nemelex_altar_shiori, uniq_sigmund
D:4:      vehumet_altar_wand_db, serial_shops, shop, corexii_leaking_fountain,
          nemelex_diamond_rough_becter
D:5:      grunt_gozag_statues
D:6:      serial_undead, serial_undead_a, serial_undead_d, serial_undead_d,
          serial_undead_b, uniq_grinder, uniq_crazy_yiuf_cottage
D:7:      uniq_duvessa, uniq_joseph
D:8:      grunt_lair_entry_orc_guard_hut, grunt_ogre_cave, uniq_erica

Skill      XL: |  1  2  3  4  5  6  7  8 |
---------------+-------------------------+-----
Spellcasting   | 3 4 |  4.1
Charms         | 4 5 6 |  6.3
Long Blades    | 3 4 |  4.9
Hexes          | 2 3 5 |  5.0
Necromancy     | 1 2 |  2.4
Dodging        | 2 4 |  4.7
Invocations    | 1 4 |  4.3
Fighting       | 4 |  4.5
Armour         | |  0.8

Action                   |  1- 3 |  4- 6 |  7- 9 || total
-------------------------+-------+-------+-------++-------
Melee: Falchion          |   129 |   174 |       ||   303
       Flail             |       |    23 |   216 ||   239
 Cast: Infusion          |     9 |    15 |     5 ||    29
       Spectral Weapon   |       |     5 |     7 ||    12
       Regeneration      |       |       |     2 ||     2
       Song of Slaying   |       |       |     1 ||     1
Evoke: Wand              |       |     1 |     3 ||     4
       Deck              |       |     1 |     3 ||     4
  Use: Scroll            |     2 |     1 |     5 ||     8
       Potion            |       |     6 |     5 ||    11
 Stab: Sleeping          |     2 |     1 |       ||     3
       Distracted        |     1 |       |     1 ||     2
       Invisible         |       |     2 |     2 ||     4
  Eat: Chunk             |     4 |    10 |     8 ||    22
       Meat ration       |       |       |     1 ||     1
Armor: Leather armour    |    45 |    36 |    81 ||   162
Dodge: Dodged            |    97 |   124 |   158 ||   379
       Rpst.: Falchion   |    34 |    29 |       ||    63
